 Dungeon Crawl Stone Soup version 0.17-a0-870-gcb215c1 (webtiles) character file.

553 oplop the Ducker (level 7, 0/48 HPs)
             Began as a Spriggan Enchanter on Apr 29, 2015.
             Succumbed to a killer bee's poison
             ... on level 5 of the Dungeon.
             The game lasted 00:08:01 (3513 turns).

oplop the Ducker (Spriggan Enchanter)               Turns: 3513, Time: 00:08:02

Health: 0/48       AC: 23    Str:  4    XL:     7   Next: 8%
Magic:  3/16       EV:  4    Int: 19    God:
Gold:   201        SH:  0    Dex: 16    Spells: 5 memorised, 5 levels left

rFire  . . .     SeeInvis +     b - +0 blowgun
rCold  . . .     Clarity  .     (armour currently unavailable)
rNeg   + + +     SustAb   .     (shield restricted)
rPois  +         Gourm    .     (helmet currently unavailable)
rElec  .         Spirit   +     (cloak currently unavailable)
rCorr  .         Warding  .     (gloves unavailable)
rMut   .         NoTele   +     (boots unavailable)
MR     +....                    s - amulet of guardian spirit
Stlth  ++++......               (no ring)
                                (no ring)

@: lethally poisoned (0 -> -8), tree-form (expiring), somewhat resistant to
hostile enchantments, stealthy
A: unfitting armour, see invisible, herbivore 3, (speed 0), slow metabolism 2
a: no special abilities


You were on level 5 of the Dungeon.
You were not hungry.
You were a tree.
You visited 1 branch of the dungeon, and saw 6 of its levels.

You collected 201 gold pieces.

Inventory:

Hand weapons
 a - a +2 dagger
 b - a +0 blowgun (weapon)
 x - a +0 dagger of venom
Missiles
 p - 9 poisoned needles (quivered)
 u - 3 curare-tipped needles
Armour
 o - a +1 robe (melded)
Jewellery
 g - an uncursed amulet of faith
 s - an amulet of guardian spirit (around neck)
Scrolls
 f - a scroll of remove curse
 i - a scroll of enchant weapon
 j - 2 scrolls of teleportation
 t - a scroll of fog {unknown}
 v - 2 scrolls of identify {unknown}
Potions
 e - a potion of poison
 k - a potion of brilliance
 l - 3 potions of lignification
 n - a potion of magic {unknown}
 q - a potion of agility {unknown}
 r - a potion of curing {unknown}
 w - a potion of degeneration {unknown}
Books
 c - a book of Maledictions

   Spells                             Type                      Level
   a - Corona                         Hexes                        1
   b - Ensorcelled Hibernation        Hexes/Ice                    2
   c - Confuse                        Hexes                        3
   d - Tukima's Dance                 Hexes                        3
   e - Dazzling Spray                 Conjuration/Hexes            3
 y - the Grimoire of Conjuration and the Voyage
   (You found it on level 5 of the Dungeon)

   Spells                             Type                      Level
   a - Mephitic Cloud                 Conjuration/Poison/Air       3
   b - Gell's Gravitas                Hexes/Translocation          3
   c - Control Teleport               Charms/Translocation         4
   d - Force Lance                    Conjuration/Translocation    4
   e - Poisonous Cloud                Conjuration/Poison/Air       6
Comestibles
 d - 3 bread rations


   Skills:
 - Level 1.1 Short Blades
 + Level 6.7 Dodging
 - Level 4.4 Stealth
 + Level 5.7 Spellcasting
 + Level 6.6 Hexes


You had 5 spell levels left.
You knew the following spells:

 Your Spells              Type           Power        Failure   Level  Hunger
a - Corona                Hex            ####...      1%          1    None
b - Ensorcelled Hibernat  Hex/Ice        ###...       6%          2    None
c - Confuse               Hex            ####....     1%          3    ##.....
d - Tukima's Dance        Hex            ####....     1%          3    ##.....
e - Dazzling Spray        Conj/Hex       ###.....     12%         3    ##.....


Dungeon Overview and Level Annotations

Branches:
Dungeon (6/15)
 Temple: D:4-7

Altars:


Innate Abilities, Weirdness & Mutations

You are tiny and cannot use many weapons and most armour.
You have supernaturally acute eyesight.
You are a herbivore.
((You cover ground extremely quickly.))
You need consume almost no food.


Message History

* * * LOW HITPOINT WARNING * * *
You feel sick. The killer bee barely misses you.
The killer bee stings you but does no damage.
Drink which item? (? for menu, Esc to quit)
It was a potion of poison.
You feel slightly nauseous.
* * * LOW HITPOINT WARNING * * *
You feel sick.
The killer bee stings you but does no damage. x2
Drink which item? (? for menu, Esc to quit)
It was a potion of brilliance.
You feel clever all of a sudden.
* * * LOW HITPOINT WARNING * * *
You feel sick.
The killer bee stings you but does no damage. x2
Drink which item? (? for menu, Esc to quit)
It was a potion of cancellation.
Your magical effects are unravelling.
You feel magically purged.
You feel a little less clever now.
You die...

.#........# #..............#..#.
##....##+## #..............+..'.
#....+...# ####+#.........#..#.
#....#...# #....##'###....#..##
##....#...# #.........#....#....
.###'##...# ###+###...#....#....
.....###'## ##.##.##...+....+...#
.....#....# #..##..'...#....#...#
.##[.'....# ###÷♣####'##....##+##
'##..#....# ###y.##..............
..'..#....# #.(##..........).....
.##).#....####.##.#..............
.###'#............+..............
###[.'............#..............
#...#......))###+##+####'####+##
#..##.............#.......+....'
#...#.............+.......#....#


You could see a killer bee.

Vanquished Creatures
  A killer bee (D:6)
  2 scorpions
  A worker ant (D:4)
  2 orc wizards (D:5)
  9 adders
  A shadow imp (D:5)
  5 worms
  4 giant geckos
  13 orcs
  A bat skeleton (D:5)
  9 hobgoblins
  8 jackals
  4 kobolds
  3 quokkas (D:2)
  3 bats
  A giant cockroach (D:4)
  A giant newt (D:2)
  11 goblins
  4 rats
83 creatures vanquished.

Vanquished Creatures (collateral kills)
  2 ogres (D:4)
  An orc priest (D:5)
  2 orcs (D:4)
5 creatures vanquished.

Grand Total: 88 creatures vanquished

Notes
Turn   | Place    | Note
--------------------------------------------------------------
     0 | D:1      | oplop, the Spriggan Enchanter, began the quest for the Orb.
     0 | D:1      | Reached XP level 1. HP: 9/9 MP: 5/5
    64 | D:1      | You fall through a shaft!
   180 | D:2      | Reached XP level 2. HP: 8/13 MP: 4/7
   188 | D:2      | Learned a level 2 spell: Ensorcelled Hibernation
   205 | D:2      | Reached XP level 3. HP: 4/16 MP: 4/8
   957 | D:3      | Reached XP level 4. HP: 18/21 MP: 10/10
  1175 | D:3      | Noticed a scorpion
  1186 | D:3      | Killed a scorpion
  1186 | D:3      | Reached skill level 5 in Hexes
  1186 | D:3      | Reached XP level 5. HP: 18/24 MP: 8/12
  1286 | D:3      | Reached skill level 5 in Dodging
  1734 | D:4      | Learned a level 3 spell: Confuse
  1738 | D:4      | Learned a level 3 spell: Tukima's Dance
  1742 | D:4      | Learned a level 3 spell: Dazzling Spray
  2214 | D:4      | Noticed an ogre
  2225 | D:4      | Killed an ogre
  2525 | D:4      | Noticed an ogre
  2537 | D:4      | Killed an ogre
  2537 | D:4      | Reached XP level 6. HP: 24/28 MP: 8/14
  2578 | D:4      | Reached skill level 5 in Spellcasting
  2640 | D:5      | Entered Level 5 of the Dungeon
  2654 | D:5      | Reached skill level 6 in Dodging
  3402 | D:5      | Identified the Grimoire of Conjuration and the Voyage
  3503 | D:6      | Reached XP level 7. HP: 12/32 MP: 4/16
  3511 | D:5      | HP: 2/48 [poisoned by a killer bee]
  3513 | D:5      | Succumbed to a killer bee's poison

Action                   |  1- 3 |  4- 6 |  7- 9 || total
-------------------------+-------+-------+-------++-------
Melee: Dagger            |    88 |   119 |       ||   207
 Fire: Blowgun           |       |    34 |     1 ||    35
 Cast: Corona            |    13 |     3 |       ||    16
       Ensorcelled Hiber |     8 |    28 |       ||    36
       Tukima's Dance    |       |     4 |       ||     4
       Confuse           |       |     5 |       ||     5
  Use: Scroll            |       |     6 |       ||     6
       Potion            |       |       |     4 ||     4
 Stab: Sleeping          |    12 |    25 |       ||    37
       Confused          |       |     1 |       ||     1
  Eat: Pizza             |       |     1 |       ||     1
